General information
- name: BNet
- type: Ladder team game (AT/RT)
- host: Battle.net
- saver: DanielCormier
map: TwilightRuins_LV
- players: 8
- length: 19:27
- speed: Fast
- version: 1.30 W3XP
- replay type: Public
» download(280 KB)
Players
team 1 (winner)
RainDance (
orange | 133 APM | 2580 actions | 19:26)
5 Tauren Chieftain
3 War Stomp
2 Endurance Aura
4 Shadow Hunter
3 Healing Wave
1 Serpent Ward
» actions
| Assign group hotkey | 41 | |
| Basic commands | 44 | |
| Build / train | 68 | |
| Enter build submenu | 27 | |
| Enter hero's abilities submenu | 9 | |
| Give item / drop item | 3 | |
| Remove unit from queue | 2 | |
| Right click | 992 | |
| Select / deselect | 397 | |
| Select group hotkey | 904 | |
| Use ability | 93 | |
2580 total
» units
| Peon | 13 | |
| Troll Headhunter/Berserker | 14 | |
| Kodo Beast | 1 | |
| Shaman | 3 | |
| Wind Rider | 2 | |
33 total
» upgrades
| Spiked Barricades | 0 | |
| Ranged Weapons | 2 | |
| Troll Regeneration | 1 | |
| Shaman Training | 2 | |
| Berserker Upgrade | 1 | |
| War Drums Damage Increase | 1 | |
| Armor | 1 | |
| Reinforced Defenses | 1 | |
| Envenomed Spears | 1 | |
10 total
» buildings
| Orc Burrow | 10 | |
| War Mill | 1 | |
| Barracks | 2 | |
| Altar of Storms | 1 | |
| Voodoo Lounge | 2 | |
| Watch Tower | 2 | |
| Stronghold | 1 | |
| Fortress | 1 | |
| Spirit Lodge | 1 | |
| Beastiary | 2 | |
| Great Hall | 2 | |
25 total
» build order
00:18 Orc Burrow
00:33 War Mill
00:53 Barracks
01:05 Altar of Storms
01:38 Orc Burrow
02:17 Voodoo Lounge
02:48 Watch Tower
03:55 Stronghold
04:11 Orc Burrow
05:14 Watch Tower
06:09 Orc Burrow
07:00 Fortress
07:03 Spirit Lodge
08:12 Beastiary
10:35 Orc Burrow
10:58 Orc Burrow
11:59 Great Hall
14:12 Great Hall
14:29 Voodoo Lounge
14:32 Barracks
15:59 Orc Burrow
16:15 Orc Burrow
18:07 Orc Burrow
18:16 Orc Burrow
19:00 Beastiary
» items
| Healing Salve | 3 | |
| Lesser Clarity Potion | 4 | |
| Scroll of Town Portal | 2 | |
| Orb of Lightning | 1 | |
10 total
LeXieGr3y (
red | 136 APM | 2651 actions | 19:26)
5 Paladin
2 Holy Light
3 Devotion Aura
3 Goblin Alchemist
2 Acid Bomb
1 Chemical Rage
3 Archmage
1 Summon Water Elemental
2 Brilliance Aura
» actions
| Assign group hotkey | 17 | |
| Basic commands | 163 | |
| Build / train | 105 | |
| ESC pressed | 1 | |
| Enter build submenu | 33 | |
| Enter hero's abilities submenu | 12 | |
| Give item / drop item | 3 | |
| Right click | 765 | |
| Select / deselect | 616 | |
| Select group hotkey | 842 | |
| Use ability | 92 | |
2651 total
» units
| Peasant | 15 | |
| Footman | 7 | |
| Goblin Shredder | 2 | |
| Gryphon Rider | 9 | |
| Flying Machine | 8 | |
| Priest | 2 | |
43 total
» upgrades
| Lumber Harvesting | 2 | |
| Swords | 2 | |
| Gunpowder | 2 | |
| Plating | 2 | |
| Storm Hammers | 1 | |
| Animal War Training | 1 | |
| Flak Cannons | 1 | |
| Armor | 2 | |
| Masonry | 2 | |
| Priest Training | 2 | |
| Backpack | 1 | |
| Long Rifles | 1 | |
| Magic Sentry | 1 | |
| Control Magic | 1 | |
21 total
» buildings
| Altar of Kings | 1 | |
| Barracks | 1 | |
| Farm | 9 | |
| Keep | 2 | |
| Arcane Vault | 1 | |
| Lumber Mill | 1 | |
| Scout Tower | 7 | |
| Arcane Tower | 3 | |
| Castle | 2 | |
| Town Hall | 2 | |
| Gryphon Aviary | 2 | |
| Blacksmith | 1 | |
| Workshop | 2 | |
| Arcane Sanctum | 1 | |
| Guard Tower | 7 | |
42 total
» build order
00:08 Altar of Kings
00:19 Barracks
00:34 Farm
00:51 Farm
01:51 Farm
02:49 Keep
02:49 Keep
03:10 Arcane Vault
03:15 Farm
03:24 Lumber Mill
04:02 Scout Tower
04:29 Arcane Tower
05:10 Castle
05:10 Castle
06:06 Town Hall
06:39 Scout Tower
07:08 Arcane Tower
07:09 Arcane Tower
07:24 Gryphon Aviary
07:47 Blacksmith
08:12 Gryphon Aviary
09:04 Farm
09:05 Farm
09:05 Farm
09:06 Farm
09:29 Workshop
11:28 Arcane Sanctum
12:44 Farm
14:07 Scout Tower
14:08 Scout Tower
14:08 Scout Tower
14:09 Scout Tower
14:09 Scout Tower
14:38 Guard Tower
14:38 Guard Tower
14:44 Guard Tower
14:45 Guard Tower
14:52 Guard Tower
14:53 Guard Tower
14:53 Guard Tower
15:23 Town Hall
18:09 Workshop
» items
| Lesser Clarity Potion | 3 | |
| Scroll of Regeneration | 2 | |
| Scroll of Town Portal | 2 | |
| Orb of Fire | 1 | |
| Circlet of Nobility | 1 | |
9 total
DanielCormier (
yellow | 164 APM | 3186 actions | 19:27)
5 Tauren Chieftain
3 War Stomp
2 Endurance Aura
4 Shadow Hunter
2 Hex
2 Healing Wave
» actions
| Assign group hotkey | 26 | |
| Basic commands | 214 | |
| Build / train | 80 | |
| ESC pressed | 1 | |
| Enter build submenu | 14 | |
| Enter hero's abilities submenu | 9 | |
| Remove unit from queue | 2 | |
| Right click | 1489 | |
| Select / deselect | 720 | |
| Select group hotkey | 525 | |
| Use ability | 106 | |
3186 total
» units
| Peon | 11 | |
| Troll Headhunter/Berserker | 20 | |
| Wind Rider | 3 | |
34 total
» upgrades
| Ranged Weapons | 3 | |
| Armor | 3 | |
| Berserker Upgrade | 1 | |
| Envenomed Spears | 1 | |
8 total
» buildings
| Altar of Storms | 1 | |
| War Mill | 1 | |
| Barracks | 1 | |
| Orc Burrow | 4 | |
| Voodoo Lounge | 1 | |
| Stronghold | 1 | |
| Great Hall | 1 | |
| Fortress | 1 | |
| Beastiary | 3 | |
14 total
» build order
00:03 Altar of Storms
00:06 War Mill
00:27 Barracks
01:06 Orc Burrow
02:02 Voodoo Lounge
02:15 Orc Burrow
03:46 Stronghold
04:22 Orc Burrow
06:05 Great Hall
06:40 Fortress
07:34 Orc Burrow
14:30 Beastiary
14:31 Beastiary
14:32 Beastiary
» items
| Healing Salve | 4 | |
| Potion of Mana | 5 | |
| Orb of Lightning | 1 | |
| Potion of Healing | 4 | |
| Lesser Clarity Potion | 7 | |
| Scroll of Town Portal | 1 | |
22 total

»
GoBuffs (
pink | 48 APM | 924 actions | 19:26)
4 Demon Hunter
2 Evasion
2 Mana Burn
2 Priestess of the Moon
1 Trueshot Aura
1 Searing Arrows
» actions
| Build / train | 67 | |
| Enter build submenu | 15 | |
| Enter hero's abilities submenu | 6 | |
| Right click | 452 | |
| Select / deselect | 335 | |
| Use ability | 49 | |
924 total
» units
| Wisp | 18 | |
| Huntress | 7 | |
| Archer | 12 | |
| Hippogryph | 14 | |
51 total
» upgrades
| Strength of the Moon | 2 | |
| Moon Armor | 2 | |
| Improved Bows | 1 | |
5 total
» buildings
| Altar of Elders | 1 | |
| Moon Well | 7 | |
| Hunter's Hall | 1 | |
| Ancient of War | 2 | |
| Tree of Ages | 1 | |
| Tree of Life | 1 | |
| Ancient of Wind | 2 | |
| Tree of Eternity | 2 | |
17 total
» build order
00:06 Altar of Elders
00:11 Moon Well
01:16 Hunter's Hall
01:24 Ancient of War
01:48 Moon Well
02:22 Ancient of War
03:56 Moon Well
04:54 Tree of Ages
06:14 Tree of Life
07:01 Moon Well
07:20 Ancient of Wind
08:22 Ancient of Wind
12:12 Moon Well
12:22 Moon Well
14:12 Tree of Eternity
14:12 Tree of Eternity
16:04 Moon Well
team 2 (loser)

»
wat (
blue | 119 APM | 2308 actions | 19:25)
6 Pit Lord
3 Cleaving Attack
2 Howl of Terror
1 Doom
» actions
| Assign group hotkey | 50 | |
| Basic commands | 28 | |
| Build / train | 71 | |
| ESC pressed | 3 | |
| Enter build submenu | 22 | |
| Enter hero's abilities submenu | 7 | |
| Give item / drop item | 6 | |
| Right click | 901 | |
| Select / deselect | 460 | |
| Select group hotkey | 622 | |
| Use ability | 138 | |
2308 total
» units
| Wisp | 20 | |
| Archer | 6 | |
| Huntress | 6 | |
| Goblin Shredder | 2 | |
| Mountain Giant | 3 | |
| Troll Headhunter/Berserker | 2 | |
| Shaman | 2 | |
| Troll Batrider | 2 | |
| Crypt Fiend | 2 | |
| Acolyte | 1 | |
46 total
» upgrades
| Ultravision | 1 | |
| Moon Armor | 2 | |
| Upgrade Moon Glaive | 1 | |
| Well Spring | 1 | |
| Nature's Blessing | 1 | |
| Reinforced Hides | 1 | |
| Hardened Skin | 1 | |
| Resistant Skin | 1 | |
9 total
» buildings
| Moon Well | 6 | |
| Ancient of War | 2 | |
| Altar of Elders | 1 | |
| Hunter's Hall | 1 | |
| Ancient of Wonders | 1 | |
| Tree of Life | 1 | |
| Tree of Ages | 1 | |
| Ancient of Lore | 2 | |
| Tree of Eternity | 2 | |
| Beastiary | 4 | |
| Great Hall | 2 | |
23 total
» build order
00:10 Moon Well
00:38 Ancient of War
01:00 Moon Well
01:26 Altar of Elders
02:17 Ancient of War
03:07 Moon Well
03:41 Hunter's Hall
04:21 Ancient of Wonders
04:57 Tree of Life
06:57 Tree of Ages
06:58 Moon Well
09:35 Ancient of Lore
10:05 Ancient of Lore
10:06 Tree of Eternity
10:06 Tree of Eternity
11:54 Moon Well
12:48 Moon Well
15:57 Beastiary
15:59 Beastiary
16:01 Great Hall
17:17 Beastiary
17:18 Beastiary
18:32 Great Hall
» items
| Boots of Speed | 1 | |
| Scroll of Town Portal | 1 | |
2 total

»
DASKA (
green | 92 APM | 1462 actions | 15:50)
4 Tauren Chieftain
2 War Stomp
2 Endurance Aura
» actions
| Assign group hotkey | 25 | |
| Basic commands | 3 | |
| Build / train | 85 | |
| Enter build submenu | 16 | |
| Enter hero's abilities submenu | 4 | |
| Give item / drop item | 5 | |
| Right click | 631 | |
| Select / deselect | 222 | |
| Select group hotkey | 377 | |
| Use ability | 94 | |
1462 total
» units
| Peon | 11 | |
| Grunt | 2 | |
| Troll Headhunter/Berserker | 21 | |
| Goblin Shredder | 1 | |
| Kodo Beast | 1 | |
| Troll Batrider | 2 | |
| Shaman | 2 | |
40 total
» upgrades
| Ranged Weapons | 2 | |
| Reinforced Defenses | 1 | |
| Berserker Upgrade | 2 | |
| Armor | 2 | |
| Shaman Training | 2 | |
| War Drums Damage Increase | 1 | |
10 total
» buildings
| Orc Burrow | 4 | |
| Altar of Storms | 1 | |
| Barracks | 1 | |
| War Mill | 1 | |
| Voodoo Lounge | 1 | |
| Great Hall | 1 | |
| Stronghold | 1 | |
| Fortress | 2 | |
| Watch Tower | 2 | |
| Beastiary | 1 | |
| Spirit Lodge | 1 | |
16 total
» build order
00:12 Orc Burrow
00:50 Altar of Storms
01:05 Barracks
01:12 War Mill
01:29 Orc Burrow
02:04 Voodoo Lounge
03:07 Orc Burrow
04:34 Great Hall
05:37 Stronghold
08:17 Fortress
08:17 Fortress
08:32 Watch Tower
08:35 Watch Tower
11:23 Beastiary
11:29 Spirit Lodge
12:22 Orc Burrow
» items
| Healing Salve | 8 | |
| Lesser Clarity Potion | 4 | |
| Potion of Healing | 3 | |
| Potion of Mana | 3 | |
| Scroll of Town Portal | 3 | |
| Scroll of Speed | 3 | |
| Orb of Lightning | 1 | |
25 total
bprebirth (
teal | 161 APM | 2861 actions | 17:45)
4 Death Knight
2 Death Coil
2 Unholy Aura
3 Lich
2 Frost Nova
1 Dark Ritual
2 Dark Ranger
1 Silence
1 Black Arrow
» actions
| Assign group hotkey | 22 | |
| Basic commands | 271 | |
| Build / train | 75 | |
| ESC pressed | 2 | |
| Enter build submenu | 19 | |
| Enter hero's abilities submenu | 9 | |
| Give item / drop item | 5 | |
| Right click | 772 | |
| Select / deselect | 452 | |
| Select group hotkey | 1134 | |
| Use ability | 100 | |
2861 total
» units
| Acolyte | 12 | |
| Ghoul | 3 | |
| Crypt Fiend | 11 | |
| Obsidian Statue | 5 | |
| Banshee | 1 | |
32 total
» upgrades
| Destroyer Form | 1 | |
| Web | 1 | |
| Burrow | 1 | |
| Creature Attack | 2 | |
| Banshee Training | 1 | |
6 total
» buildings
| Ziggurat | 5 | |
| Altar of Darkness | 1 | |
| Crypt | 1 | |
| Tomb of Relics | 1 | |
| Graveyard | 1 | |
| Nerubian Tower | 1 | |
| Halls of the Dead | 4 | |
| Black Citadel | 2 | |
| Slaughterhouse | 1 | |
| Necropolis | 2 | |
| Temple of the Damned | 1 | |
20 total
» build order
00:08 Ziggurat
00:14 Altar of Darkness
00:35 Crypt
01:01 Tomb of Relics
02:17 Graveyard
02:34 Nerubian Tower
02:48 Halls of the Dead
02:48 Halls of the Dead
02:48 Halls of the Dead
02:48 Halls of the Dead
03:09 Ziggurat
05:09 Black Citadel
05:09 Black Citadel
05:33 Slaughterhouse
05:58 Ziggurat
08:06 Ziggurat
11:18 Necropolis
11:52 Ziggurat
13:09 Temple of the Damned
14:04 Necropolis
» items
| Rod of Necromancy | 3 | |
| Dust of Appearance | 1 | |
| Sacrificial Skull | 1 | |
| Orb of Corruption | 1 | |
| Claws of Attack +6 | 1 | |
| Pendant of Energy | 1 | |
| Potion of Greater Healing | 1 | |
| Scroll of the Beast | 1 | |
| Scroll of Town Portal | 1 | |
11 total

»
2hot4u (
purple | 34 APM | 620 actions | 17:59)
3 Pandaren Brewmaster
2 Drunken Haze
1 Drunken Brawler
» actions
| Build / train | 63 | |
| Enter build submenu | 24 | |
| Enter hero's abilities submenu | 4 | |
| Remove unit from queue | 5 | |
| Right click | 250 | |
| Select / deselect | 210 | |
| Use ability | 64 | |
620 total
» units
| Wisp | 18 | |
| Archer | 9 | |
| Druid of the Claw | 6 | |
| Chimaera | 3 | |
| Dryad | 2 | |
| Hippogryph | 4 | |
42 total
» upgrades
| Strength of the Wild | 1 | |
| Strength of the Moon | 1 | |
| Reinforced Hides | 1 | |
| Improved Bows | 1 | |
| Druid of the Claw Training | 2 | |
| Mark of the Claw | 1 | |
| Corrosive Breath | 1 | |
| Abolish Magic | 1 | |
9 total
» buildings
| Altar of Elders | 2 | |
| Moon Well | 5 | |
| Ancient of War | 1 | |
| Ancient of Wonders | 1 | |
| Hunter's Hall | 1 | |
| Tree of Ages | 1 | |
| Ancient Protector | 5 | |
| Ancient of Lore | 3 | |
| Tree of Eternity | 1 | |
| Chimaera Roost | 1 | |
| Ancient of Wind | 2 | |
23 total
» build order
00:14 Altar of Elders
00:19 Moon Well
00:44 Ancient of War
01:50 Moon Well
02:31 Ancient of Wonders
03:11 Hunter's Hall
04:07 Moon Well
04:22 Tree of Ages
05:54 Moon Well
05:58 Ancient Protector
06:10 Ancient Protector
07:11 Ancient of Lore
07:32 Tree of Eternity
07:36 Ancient Protector
10:02 Chimaera Roost
10:31 Altar of Elders
11:21 Ancient of Lore
12:51 Ancient of Lore
13:19 Moon Well
13:49 Ancient Protector
13:53 Ancient Protector
14:06 Ancient of Wind
14:43 Ancient of Wind
Chat log
(02:46 / Allies) DanielCormier: u amde a tc damnm
(03:40 / Allies) GoBuffs: watch for teal rede
(07:32 / Allies) GoBuffs: owm
(10:01 / Allies) GoBuffs: fuck teal
(11:31 / Allies) GoBuffs: we need to make moves
(11:39 / Allies) DanielCormier: we have been
(11:39 / Allies) GoBuffs: they will have chims and frostys in no time
(11:42 / Allies) DanielCormier: dunno what ur doing
(11:45 / Allies) RainDance: yeah
(11:54 / Allies) DanielCormier: there were 3 top
(11:57 / Allies) DanielCormier: lol
(12:19 / Allies) RainDance: wood?
(12:32 / Allies) GoBuffs: red
(12:47 / Allies) GoBuffs: get main
(13:17 / Allies) GoBuffs: amke them tp
(13:46 / Allies) GoBuffs: nice
(14:21 / Allies) RainDance: gold?
(14:30 / Allies) RainDance: ty
(14:45 / Allies) RainDance: omw
(14:58 / Allies) RainDance: thsi fking ud
(15:55 / Allies) GoBuffs: its over
(16:13 / All) GoBuffs: idk why you guys didnt tp to blue
(16:21 / All) wat: because they are bad?
(16:30 / All) GoBuffs: makes sense
(16:42 / Allies) RainDance: gold?
(17:03 / Allies) RainDance: lets group
(17:11 / All) LeXieGr3y: leave fool
(17:58 / Allies) RainDance: grphs
(18:05 / All) GoBuffs: nice hack
(18:11 / All) wat: lol what
(18:25 / All) GoBuffs: couldnt tp
(18:42 / All) wat: i think mnore like nice luck
(18:45 / All) wat: tha tmy team is such dog shit
(19:09 / All) LeXieGr3y: who would have guessed that what team mates you get is luck
(19:16 / All) wat: panda without flame breath
(19:25 / All) wat: shit team